Map: Orbital Shipyard

Players

Hephaestus - Winner!

  • Race: Protoss Protoss
  • League: Gold

Grumm

  • Race: Protoss Protoss
  • League: Gold

VOD

Have the link to the VOD?

Description

Time

  • Played on: Jan. 6, 2016, 4:26 p.m.
  • Length: 11:17
Show
View Real Time Build Order
Export as new Build Order

Hephaestus Protoss - Winner!

Build Orders:  

Get SALT Encoding   

  12  0:04  Probe (Chrono Boost)  
  13  0:14  Probe (Chrono Boost)  
  13  0:21  Pylon  
  14  0:25  Probe (Chrono Boost)  
  15  0:39  Probe (Chrono Boost)  
  16  0:43  Gateway  
  16  0:48  Assimilator  
  16  0:51  Probe (Chrono Boost)  
  17  1:02  Probe (Chrono Boost)  
  18  1:09  Gateway  
  18  1:12  Probe (Chrono Boost)  
  19  1:23  Probe (Chrono Boost)  
  20  1:33  Cybernetics Core  
  20  1:35  Probe (Chrono Boost)  
  21  1:46  Probe (Chrono Boost)  
  22  1:54  Assimilator  
  22  1:56  Probe (Chrono Boost)  
  23  2:16  Nexus  
  23  2:27  Pylon  
  23  2:30  Probe (Chrono Boost)  
  23  2:45  Stalker x2, Warp Gate  
  23  2:46  Mothership Core (Chrono Boost)  
  29  3:02  Pylon  
  29  3:04  Probe (Chrono Boost)  
  30  3:14  Probe (Chrono Boost)  
  31  3:41  Stalker x2  
  33  3:43  Probe x2 (Chrono Boost)  
  33  3:46  Pylon  
  35  3:53  Probe x2 (Chrono Boost)  
  37  4:04  Probe (Chrono Boost)  
  37  4:05  Twilight Council  
  37  4:09  Pylon x2, Probe (Chrono Boost)  
  39  4:11  Stalker  
  39  4:14  Probe (Chrono Boost)  
  42  4:30  Gateway  
  42  4:31  Gateway  
  42  4:33  Gateway  
  42  4:42  Robotics Facility  
  42  4:45  Blink  
  42  4:58  Stalker  
  42  4:59  Stalker  
  46  5:03  Probe x2 (Chrono Boost)  
  46  5:07  Assimilator  
  48  5:13  Probe (Chrono Boost)  
  49  5:18  Gateway  
  50  5:21  Probe (Chrono Boost)  
  50  5:25  Stalker  
  50  5:26  Stalker  
  54  5:36  Stalker x2  
  54  5:42  Probe x2 (Chrono Boost)  
  60  5:43  Observer  
  61  5:52  Probe x2 (Chrono Boost)  
  61  5:54  Assimilator  
  60  6:03  Probe x2 (Chrono Boost)  
  51  6:13  Probe x2 (Chrono Boost)  
  53  6:24  Stalker x4, Probe x2 (Chrono Boost)  
  63  6:36  Pylon  
  63  6:37  Probe x2 (Chrono Boost)  
  65  6:46  Warp Prism  
  67  6:48  Probe x2 (Chrono Boost)  
  69  6:58  Probe x2 (Chrono Boost)  
  71  7:09  Probe (Chrono Boost)  
  72  7:21  Stalker x3  
  78  7:29  Pylon  
  78  7:30  Pylon x2  
  78  7:31  Pylon  
  64  9:37  Nexus  
  64  9:39  Pylon x3  
  64  9:40  Pylon  
  64  9:42  Pylon  
  64  9:46  Pylon  
Show
View Real Time Build Order
Export as new Build Order

Grumm Protoss 

Build Orders: Oracle Opening 

Get SALT Encoding   

  12  0:01  Probe (Chrono Boost)  
  13  0:13  Pylon  
  13  0:18  Probe (Chrono Boost)  
  14  0:29  Probe (Chrono Boost)  
  14  0:34  Gateway  
  15  0:39  Probe (Chrono Boost)  
  16  0:47  Assimilator  
  16  0:50  Probe (Chrono Boost)  
  17  1:01  Gateway  
  17  1:02  Probe (Chrono Boost)  
  18  1:12  Probe (Chrono Boost)  
  18  1:17  Pylon  
  19  1:23  Probe (Chrono Boost)  
  20  1:29  Cybernetics Core  
  20  1:40  Zealot  
  20  1:43  Probe (Chrono Boost)  
  24  1:54  Probe (Chrono Boost)  
  24  2:04  Assimilator, Pylon  
  24  2:06  Adept  
  26  2:08  Adept  
  28  2:27  Warp Gate (Chrono Boost)  
  28  2:41  Pylon  
  28  2:52  Stargate, Probe (Chrono Boost)  
  28  2:53  Pylon  
  29  3:00  Zealot  
  29  3:04  Probe (Chrono Boost)  
  26  3:43  Oracle  
  26  3:46  Probe (Chrono Boost)  
  30  3:56  Pylon, Stalker, Nexus  
  30  3:58  Adept  
  34  4:07  Probe  
  35  4:21  Gateway  
  35  4:25  Twilight Council  
  35  4:39  Pylon  
  35  4:47  Void Ray  
  39  4:58  Assimilator  
  39  5:01  Probe  
  40  5:10  Zealot  
  40  5:12  Sentry  
  40  5:13  Probe  
  45  5:19  Probe  
  46  5:30  Stalker  
  48  5:41  Dark Shrine  
  48  5:44  Stalker x2  
  36  6:11  Void Ray  
  36  6:14  Probe  
  36  6:15  Probe  
  42  6:19  Assimilator  
  42  6:35  Stalker x2  
  42  6:36  Stalker  
  42  6:39  Probe  
  48  6:41  Probe  
  50  6:50  Probe  
  50  6:53  Probe  
  56  7:02  Stalker  
  56  7:04  Zealot  
  30  8:40  Pylon, Nexus  
  29  8:42  Cybernetics Core  
  29  8:44  Gateway  
  29  8:49  Forge  
  23  9:02  Pylon  
  21  9:12  Dark Shrine  
  21  9:15  Pylon  
  21  9:53  Probe  
  22  10:24  Dark Templar  
  21  10:53  Dark Templar  
Tags
 
Add a new tag
Caveats
  • Supply blocks, unpowered buildings, or Contaminate may cause inaccurate times.
  • Supply counts are checked every 10 seconds.